 Dungeon Crawl Stone Soup version 0.20.0-8-g6b59dc7 (webtiles) character file.

2848 straycat the Covert (level 9, -3/106 HPs)
             Began as a Vampire Wanderer on May 31, 2017.
             Slain by a two-headed ogre
             ... wielding a +0 giant spiked club
              (9 damage)
             ... on level 8 of the Dungeon.
             The game lasted 00:54:06 (9020 turns).

straycat the Covert (Vampire Wanderer)              Turns: 9020, Time: 00:54:06

Health: -3/106     AC: 31    Str: 11    XL:     9   Next: 46%
Magic:  9/9        EV:  2    Int: 15    God:
Gold:   129        SH:  8    Dex: 24    Spells: 8/8 levels left

rFire    . . .     SeeInvis +   G - +0 trident (protect)
rCold    . . .     Gourm    .   c - +2 buckler
rNeg     + + +     Faith    .   (armour currently unavailable)
rPois    +         Spirit   .   (helmet currently unavailable)
rElec    .         Reflect  .   (cloak currently unavailable)
rCorr    .         Harm     .   (gloves currently unavailable)
MR       .....     NoTele   +   (boots currently unavailable)
Stlth    +++++.....             (no amulet)
Regen    0.3/turn               K - ring "Benuan" {rN+ Int+2 Dex+6}
MPRegen  0.2/turn               D - +2 ring of evasion

@: tree-form, protection aura
A: see invisible
a: Bat Form


You were on level 8 of the Dungeon.
You were not thirsty.
You were a tree.
You visited 2 branches of the dungeon, and saw 9 of its levels.

You collected 381 gold pieces.
You spent 252 gold pieces at shops.

Inventory:

Hand Weapons
 t - a +1 long sword of flaming
 u - a +0 mace of venom
 x - a +4 rapier of speed
 z - a +0 shortbow
 A - a +0 hunting sling
 G - a +0 trident of protection (weapon)
 I - a +0 hand axe
Missiles
 j - 20 sling bullets
 l - 222 stones
 n - 159 arrows
 s - 28 poisoned needles
 J - a tomahawk (quivered)
Armour
 c - a +2 buckler (worn)
 g - a +0 helmet (melded)
 h - a +0 pair of boots (melded)
 o - a +0 cloak (melded)
 v - a +0 pair of gloves (melded)
 H - a +0 ring mail of fire resistance (melded)
Jewellery
 r - an uncursed ring of poison resistance
 D - a +2 ring of evasion (right branch)
 K - the ring "Benuan" (left branch) {rN+ Int+2 Dex+6}
   (You found it on level 8 of the Dungeon)

   [ring of positive energy]

   It affects your intelligence (+2).
   It affects your dexterity (+6).
   It protects you from negative energy.
Wands
 C - a wand of confusion (6/48)
 E - a wand of iceblast (15/15)
 F - a wand of flame (24/48)
Scrolls
 d - a scroll of recharging
 m - 3 scrolls of amnesia
 p - 2 scrolls of teleportation
 q - a scroll of fog
 y - a scroll of blinking
Potions
 a - a potion of agility
 b - a potion of magic
 e - 13 potions of blood
 k - a potion of cancellation
 w - a potion of brilliance
 B - 2 potions of might


   Skills:
 * Level 6.6 Fighting
 + Level 2.5 Short Blades
 - Level 1.0 Polearms
 - Level 1.0 Throwing
 + Level 0.5 Armour
 * Level 8.5 Dodging
 + Level 10.1 Stealth
 * Level 4.2 Shields


You had 8 spell levels left.
You didn't know any spells.

Dungeon Overview and Level Annotations

Branches:
Dungeon (8/15)             Temple (1/1) D:7
   Lair: D:8-11

Altars:
Ashenzari
Cheibriados
Dithmenos
Elyvilon
Fedhas
Gozag
Hepliaklqana
Kikubaaqudgha
Makhleb
Nemelex Xobeh
Okawaru
Qazlal
Ru
Sif Muna
Trog
Vehumet
Xom
Zin
The Shining One

Shops:
D:4 (   D:6 ?

Annotations:
D:2 Terence


Innate Abilities, Weirdness & Mutations

((You have razor-sharp teeth.))
You have supernaturally acute eyesight. (SInv)
((You can survive without breathing.))


Message History

The two-headed ogre is moderately wounded.
The two-headed ogre hits you but does no damage. x2
You hit the two-headed ogre.
The two-headed ogre is moderately wounded.
The two-headed ogre hits you with a giant spiked club.
You block the two-headed ogre's attack.
You puncture the two-headed ogre!
The two-headed ogre is heavily wounded.
You block the two-headed ogre's attack.
The two-headed ogre hits you but does no damage.
You hit the two-headed ogre.
The two-headed ogre is heavily wounded.
The two-headed ogre hits you with a giant spiked club!!
* * * LOW HITPOINT WARNING * * *
The two-headed ogre hits you with a giant spiked club!
* * * LOW HITPOINT WARNING * * *
You hit the two-headed ogre.
The two-headed ogre is heavily wounded.
The two-headed ogre hits you with a giant spiked club!
You die...

#........).....
#...........###
#........#.....
#.......##.####
###########((######.#
..>.....#...## #.####
..........## #...#.
........O# ###.#.
...>...♣.## #.#.
..........###### #.#.
#########......##
#..# ######..# ##.#
##.######.#
#......... ########..
###


You could see a two-headed ogre.

Vanquished Creatures
  A gargoyle (D:8)
  A hungry ghost (D:7)
  A water moccasin (D:6)
  An ice beast (D:7)
  2 phantoms
  2 ogres (D:7)
  5 centaurs
  A big kobold (D:7)
  4 bullfrogs
  The ghost of Gorglomux the Skirmisher, a weakling MiBe of Trog (D:6)
  4 scorpions
  3 howler monkeys (D:7)
  A bullfrog zombie (D:5)
  A bullfrog skeleton (D:4)
  A hound (D:6)
  A centaur skeleton (D:4)
  2 jellies (D:6)
  2 orc priests
  2 orc wizards
  Natasha (twice) (D:3)
  8 worker ants
  A hound zombie (D:5)
  A worker ant zombie (D:5)
  10 adders
  4 shadow imps
  An ooze (D:1)
  An adder skeleton (D:5)
  A worm (D:3)
  5 dart slugs
  4 leopard geckos
  23 orcs
  3 bats
  6 giant cockroaches
  12 goblins
  6 hobgoblins
  12 jackals
  7 kobolds
  5 quokkas
  2 ball pythons
  A frilled lizard (D:1)
  A leopard gecko skeleton (D:4)
  A quokka skeleton (D:5)
  A quokka zombie (D:5)
  2 rats (D:2)
156 creatures vanquished.

Notes
Turn   | Place    | Note
-------+----------+-------------------------------------------
     0 | D:1      | straycat the Vampire Wanderer began the quest for the Orb.
     0 | D:1      | straycat set off with: a +2 spear, a potion of curing, a +0 buckler, a +0 robe, a potion of blood
     0 | D:1      | Reached XP level 1. HP: 15/15 MP: 1/1
   182 | D:1      | Reached skill level 2 in Stealth
   182 | D:1      | Reached XP level 2. HP: 14/21 MP: 2/2
   381 | D:1      | You fall through a shaft!
   867 | D:1      | Reached XP level 3. HP: 7/27 MP: 3/3
  1478 | D:2      | Found a glowing golden altar of the Shining One.
  1541 | D:2      | Found a shattered altar of Ashenzari.
  1541 | D:2      | Found a stormy altar of Qazlal.
  1542 | D:2      | Found an opulent altar of Gozag.
  1546 | D:2      | Noticed Terence
  1619 | D:2      | Reached skill level 3 in Stealth
  1986 | D:2      | Found a shimmering altar of Xom.
  2212 | D:3      | Noticed Natasha
  2500 | D:3      | Reached XP level 4. HP: 33/33 MP: 4/4
  3091 | D:4      | Reached skill level 4 in Stealth
  3118 | D:3      | Reached XP level 5. HP: 30/39 MP: 5/5
  3176 | D:3      | Noticed a phantom
  3234 | D:3      | Killed a phantom
  3368 | D:3      | Found a sacrificial altar of Ru.
  3597 | D:3      | Killed Natasha
  3611 | D:3      | Reached XP level 6. HP: 34/47 MP: 6/6
  3856 | D:3      | Noticed Natasha
  3859 | D:3      | Killed Natasha
  4127 | D:4      | Reached skill level 5 in Dodging
  4127 | D:4      | Reached skill level 5 in Stealth
  4654 | D:4      | Found Deotu's Antique Weapon Emporium.
  4809 | D:4      | Reached skill level 6 in Stealth
  4809 | D:4      | Reached XP level 7. HP: 53/53 MP: 7/7
  5047 | D:5      | Entered Level 5 of the Dungeon
  5169 | D:5      | Found an iron altar of Okawaru.
  5789 | D:6      | Noticed Gorglomux's ghost (weakling MiBe)
  6016 | D:6      | Killed Gorglomux's ghost
  6016 | D:6      | Reached skill level 7 in Stealth
  6174 | D:6      | Reached XP level 8. HP: 61/61 MP: 8/8
  6241 | D:6      | Reached skill level 5 in Fighting
  6351 | D:6      | Found a bloodstained altar of Trog.
  6388 | D:6      | Reached skill level 8 in Stealth
  6532 | D:6      | Found Fekoil's Magic Scroll Boutique.
  6541 | D:6      | Bought a scroll of enchant armour for 90 gold pieces
  6541 | D:6      | Bought a scroll of identify for 24 gold pieces
  6541 | D:6      | Bought a scroll of enchant armour for 90 gold pieces
  6541 | D:6      | Bought a scroll of identify for 24 gold pieces
  6922 | D:6      | Found a deep blue altar of Sif Muna.
  6922 | D:6      | Found a faded altar of an unknown god.
  6928 | D:6      | Found a bloodstained altar of Trog.
  6930 | D:6      | Found an ancient bone altar of Kikubaaqudgha.
  6931 | D:6      | Found a faded altar of an unknown god.
  7028 | D:6      | Bought a scroll of identify for 24 gold pieces
  7256 | D:7      | Reached skill level 9 in Stealth
  7518 | D:7      | Reached XP level 9. HP: 68/69 MP: 9/9
  7905 | D:7      | Found a staircase to the Ecumenical Temple.
  7935 | Temple   | Entered the Ecumenical Temple
  8406 | D:7      | Reached skill level 10 in Stealth
  8628 | D:8      | Got a warped pewter ring
  8735 | D:8      | Noticed a gargoyle
  8770 | D:8      | Killed a gargoyle
  8995 | D:8      | Identified the ring "Benuan" {rN+ Int+2 Dex+6} (You found it on level 8 of the Dungeon)
  8997 | D:8      | Noticed a two-headed ogre
  9020 | D:8      | Slain by a two-headed ogre

Skill      XL: |  1  2  3  4  5  6  7  8  9 |
---------------+----------------------------+-----
Stealth        | 2 3 4 6 7 9 10 | 10.1
Fighting       | 2 3 4 5 6 |  6.6
Shields        | 2 3 4 |  4.2
Dodging        | 4 5 6 7 8 |  8.5
Short Blades   | |  2.5
Polearms       | |  1.0
Throwing       | |  1.0
Armour         | |  0.5

Action                   |  1- 3 |  4- 6 |  7- 9 || total
-------------------------+-------+-------+-------++-------
Melee: Spear             |   103 |   132 |       ||   235
       Bite              |     6 |    20 |    55 ||    81
       Trident           |       |    65 |   427 ||   492
       Rapier            |       |       |   155 ||   155
 Fire: Hunting sling     |       |    57 |    10 ||    67
Throw: Tomahawk          |     2 |     6 |     5 ||    13
       Throwing net      |     1 |       |       ||     1
       Stone             |       |       |     2 ||     2
 Abil: End Transformatio |       |     1 |       ||     1
       Bat Form          |       |     1 |       ||     1
  Use: Potion            |     6 |     7 |    21 ||    34
       Scroll            |       |     4 |    22 ||    26
 Stab: Sleeping          |     2 |     3 |     4 ||     9
       Distracted        |       |     1 |     1 ||     2
Armor: Robe              |     6 |       |       ||     6
       Ring mail         |     2 |    55 |   156 ||   213
       Skin              |       |       |     4 ||     4
Dodge: Dodged            |    39 |   100 |   421 ||   560
Block: Buckler           |    14 |    31 |   207 ||   252
